Map: Prion Terraces

Players

DIMAGA - Winner!

  • Race: Zerg Zerg
  • League: Master

wallfacer (ZhuGeLiang)

  • Race: Zerg Zerg
  • League: Grandmaster

Event: NationWars III

VOD

https://www.youtube.com/watch?v=uNLom9lApiM

Description

Time

  • Played on: Jan. 2, 2016, 2:13 p.m.
  • Length: 12:39
Show
View Real Time Build Order
Export as new Build Order

DIMAGA Zerg - Winner!

Build Orders: Pool First 

Get SALT Encoding   

  12  0:01  Drone  
  13  0:08  Drone  
  14  0:24  Spawning Pool  
  13  0:28  Drone  
  14  0:36  Drone, Extractor  
  14  0:40  Drone, Extractor  
  16  0:46  Overlord  
  16  1:10  Queen  
  18  1:11  Zergling x4  
  18  1:12  Zergling x2  
  21  1:22  Zergling x2  
  22  1:30  Hatchery  
  21  1:36  Overlord  
  21  1:46  Extractor  
  20  1:48  Queen  
  23  1:56  Drone x2  
  25  2:10  Drone  
  26  2:24  Drone  
  26  2:25  Drone x3  
  30  2:41  Queen  
  30  2:42  Queen  
  30  2:43  Overlord  
  34  2:45  Drone  
  35  2:53  Drone  
  36  2:58  Spine Crawler  
  36  3:02  Overlord  
  36  3:03  Drone  
  36  3:04  Drone x2  
  38  3:12  Drone  
  39  3:18  Extractor  
  39  3:19  Extractor  
  37  3:23  Overlord  
  37  3:24  Drone  
  38  3:33  Drone x7  
  45  3:42  Drone  
  45  3:43  Drone x2  
  45  3:47  Roach Warren  
  47  3:54  Drone x2  
  48  4:03  Lair  
  48  4:04  Drone  
  48  4:05  Drone x2  
  51  4:17  Extractor  
  51  4:18  Drone x5  
  51  4:19  Evolution Chamber, Extractor  
  50  4:39  Drone x2  
  52  4:48  Overlord  
  52  4:49  Zerg Missile Weapons Level 1  
  52  4:51  Drone x3  
  52  4:52  Roach x2  
  59  4:54  Hatchery  
  58  5:00  Roach  
  58  5:01  Glial Reconstitution  
  60  5:10  Drone x5  
  65  5:26  Overseer  
  65  5:28  Overlord x2  
  65  5:29  Drone x3, Overlord x2  
  68  5:57  Drone x2  
  68  5:58  Drone x2  
  68  5:59  Extractor  
  68  6:00  Roach x6  
  83  6:08  Roach x3  
  89  6:15  Roach  
  91  6:22  Roach x2  
  95  6:32  Overlord x3  
  95  6:35  Roach x4  
  103  6:44  Roach x2  
  102  6:52  Roach x9  
  116  6:55  Roach  
  116  6:56  Roach  
  116  6:58  Roach  
  116  7:01  Roach  
  116  7:05  Queen  
  116  7:07  Roach  
  116  7:08  Roach x4  
  114  7:13  Roach  
  110  7:18  Roach  
  110  7:19  Zerg Missile Weapons Level 2  
  110  7:22  Roach x2  
  116  7:26  Roach  
  118  7:45  Roach x6  
  118  7:46  Overlord x3  
  130  8:08  Roach x7  
  130  8:09  Hatchery  
  130  8:12  Extractor  
  142  8:15  Queen  
  142  8:16  Overlord x4  
  144  8:32  Roach  
  144  8:33  Roach  
  148  8:35  Roach  
  148  8:36  Roach x6  
  148  8:39  Roach x3  
  168  8:51  Roach x2  
  168  8:52  Roach x3  
  178  8:57  Roach x2  
  178  8:58  Roach  
  178  8:59  Overlord  
  184  9:03  Overlord  
  184  9:13  Overlord x3  
  179  9:18  Ravager  
  179  9:19  Ravager x15  
  179  9:20  Ravager  
  179  9:23  Roach  
  179  9:24  Roach x2  
  182  9:54  Roach x2  
  182  9:55  Roach x13  
  176  10:01  Roach x3  
  176  10:05  Roach x2  
  147  10:11  Roach x3  
  132  10:15  Roach  
  132  10:16  Roach  
  132  10:19  Roach  
  132  10:20  Roach  
  138  10:26  Roach x2  
  138  10:27  Roach  
  142  10:31  Roach x2  
  146  10:42  Roach  
  150  10:43  Roach x3  
  150  10:45  Ravager x5  
  150  10:46  Ravager x2  
  161  10:54  Roach  
  161  10:55  Roach x3  
  169  11:03  Roach x4  
  177  11:05  Roach  
  177  11:06  Roach  
  177  11:10  Roach  
  183  11:16  Roach x4  
  191  11:26  Ravager x2  
  191  11:27  Roach x2  
  191  11:28  Roach  
  159  11:50  Roach  
  159  11:51  Roach x12  
  187  11:54  Roach x2  
  187  12:02  Roach x3  
  187  12:03  Roach  
  183  12:08  Roach  
  183  12:09  Roach x3  
  177  12:16  Roach x3  
  177  12:18  Roach  
Show
View Real Time Build Order
Export as new Build Order

wallfacer Zerg 

Build Orders: Hatch First 

Get SALT Encoding   

  12  0:01  Drone  
  13  0:12  Overlord  
  13  0:17  Drone  
  14  0:31  Drone x2  
  14  0:35  Drone  
  17  0:52  Hatchery  
  16  1:04  Spawning Pool  
  16  1:07  Drone  
  16  1:10  Drone  
  17  1:14  Drone  
  17  1:17  Extractor  
  17  1:19  Drone  
  18  1:31  Drone  
  19  1:41  Overlord  
  19  1:53  Queen, Zergling x2  
  22  2:01  Zergling x2  
  22  2:03  Queen  
  22  2:05  Baneling Nest, Zergling x2  
  25  2:12  Zergling x2  
  26  2:17  Zergling x2  
  27  2:25  Zergling x4  
  27  2:29  Queen  
  30  2:42  Drone x2  
  32  2:50  Drone x2  
  34  2:51  Metabolic Boost  
  34  2:54  Drone  
  34  2:58  Overlord  
  35  3:09  Drone  
  36  3:16  Drone  
  36  3:17  Drone x5  
  41  3:21  Overlord  
  41  3:26  Baneling x2  
  41  3:29  Drone  
  42  3:36  Zergling x2  
  43  3:43  Hatchery  
  43  3:47  Zergling x2  
  43  3:48  Zergling x4  
  45  3:51  Drone  
  46  3:56  Drone x3  
  49  4:06  Roach Warren  
  49  4:08  Drone x3  
  51  4:11  Overlord  
  51  4:14  Drone  
  52  4:18  Extractor  
  52  4:23  Drone x3  
  48  4:34  Drone x5  
  48  4:36  Lair  
  50  4:38  Extractor  
  50  4:40  Evolution Chamber  
  50  4:42  Zergling x2  
  49  4:51  Roach x2  
  53  4:57  Roach x3  
  59  5:06  Zerg Missile Weapons Level 1  
  59  5:07  Overlord  
  59  5:08  Overlord  
  59  5:09  Drone  
  59  5:10  Overlord  
  60  5:15  Overlord  
  60  5:18  Roach x3  
  66  5:23  Overlord  
  66  5:25  Overlord  
  66  5:33  Roach x3  
  66  5:35  Glial Reconstitution  
  71  5:43  Roach x4  
  71  5:47  Overlord  
  71  5:49  Roach  
  81  5:50  Overlord  
  81  5:52  Overseer  
  81  5:53  Zergling x2  
  81  5:54  Zergling x4  
  84  6:05  Roach  
  84  6:06  Roach x3  
  84  6:09  Roach  
  94  6:13  Roach  
  94  6:14  Zergling x4  
  98  6:21  Zergling x10  
  103  6:29  Roach x3  
  107  6:34  Zergling x4  
  107  6:35  Zergling x4  
  111  6:45  Roach  
  111  6:46  Roach x4  
  116  6:53  Roach  
  107  6:59  Roach x2  
  97  7:02  Roach x5  
  97  7:03  Roach  
  97  7:04  Drone  
  102  7:09  Roach x2  
  102  7:11  Drone  
  102  7:12  Drone x2  
  105  7:17  Drone  
  105  7:20  Extractor  
  105  7:22  Drone  
  102  7:23  Extractor x2  
  102  7:27  Zerg Missile Weapons Level 2  
  102  7:29  Drone x3  
  103  7:33  Drone x5  
  103  7:35  Drone  
  103  7:36  Drone  
  110  7:46  Hatchery  
  110  7:49  Drone x4  
  113  7:56  Overlord  
  113  7:59  Overlord  
  113  8:00  Roach  
  113  8:01  Roach x4  
  123  8:07  Drone x2  
  123  8:08  Roach x2  
  123  8:09  Overlord x2  
  123  8:10  Ravager  
  130  8:16  Roach  
  130  8:17  Roach x3  
  138  8:25  Roach x3  
  144  8:28  Ravager  
  144  8:31  Overlord, Ravager  
  146  8:34  Overlord  
  146  8:35  Roach  
  146  8:36  Roach x3  
  146  8:40  Roach  
  146  8:41  Roach x2  
  160  8:43  Ravager x2  
  160  8:44  Overlord  
  162  8:54  Roach x4  
  168  9:05  Roach  
  168  9:06  Roach x4  
  172  9:12  Roach x4  
  172  9:16  Roach x2  
  184  9:20  Roach  
  184  9:21  Roach x2  
  184  9:22  Ravager  
  185  9:24  Overlord  
  185  9:26  Ravager  
  185  9:27  Roach x2  
  190  9:31  Overlord  
  190  9:34  Overlord, Roach  
  192  9:43  Roach  
  192  9:44  Zerg Ground Armor Level 1, Roach x3  
  200  9:51  Roach x2  
  200  9:52  Roach x2  
  192  9:53  Roach  
  192  9:54  Roach x5  
  192  9:57  Roach x2  
  154  10:03  Roach x4  
  127  10:09  Roach x4  
  124  10:16  Roach x4  
  117  10:23  Roach  
  117  10:24  Roach x4  
  125  10:34  Ravager x2  
  125  10:35  Ravager  
  128  10:37  Roach x2  
  128  10:41  Roach x2  
  128  10:42  Queen  
  136  10:43  Roach  
  136  10:44  Roach  
  136  10:45  Queen  
  136  10:48  Roach x3  
  150  10:51  Roach x2  
  154  10:58  Roach x4  
  154  11:03  Roach x4  
  170  11:09  Extractor  
  170  11:10  Roach  
  170  11:11  Roach x4  
  179  11:16  Roach x3  
  185  11:22  Roach x4  
  193  11:26  Roach  
  193  11:27  Roach  
  193  11:33  Roach x4  
  195  11:46  Roach  
  195  11:47  Roach x7  
  157  11:53  Roach x3  
  136  12:01  Roach x2  
  136  12:06  Roach  
  122  12:11  Roach x3  
  122  12:15  Roach  
  114  12:18  Roach x3  
  114  12:19  Roach x3  
Tags
 
Add a new tag
Caveats
  • Supply blocks, unpowered buildings, or Contaminate may cause inaccurate times.
  • Supply counts are checked every 10 seconds.